Map: Efflorescence LE

Players

ZergPlayer

  • Race: Protoss Protoss
  • League: Diamond
  • Spawn Location: 12:00

iöi

  • Race: Protoss Protoss
  • League: Diamond
  • Spawn Location: 3:00

qqq - Winner!

  • Race: Zerg Zerg
  • Spawn Location: 9:00

Massa - Winner!

  • Race: Terran Terran
  • League: Gold
  • Spawn Location: 6:00

VOD

Have the link to the VOD?

Description

Time

  • Played on: June 22, 2020, 2:14 p.m.
  • Length: 4:52
Show
View Real Time Build Order
Export as new Build Order

ZergPlayer Protoss 

Build Orders: Oracle Opening, Phoenix Opening 

Get SALT Encoding   

  1  0:00  Probe  
  13  0:14  Pylon  
  13  0:16  Probe  
  14  0:28  Probe  
  15  0:38  Gateway  
  15  0:40  Probe  
  16  0:49  Assimilator  
  16  0:52  Probe  
  17  1:04  Probe  
  18  1:18  Gateway  
  18  1:25  Probe  
  18  1:29  Cybernetics Core  
  19  1:33  Probe  
  20  1:40  Pylon  
  20  1:51  Probe  
  20  1:52  Assimilator  
  21  2:05  Adept x2, Warp Gate  
  21  2:06  Probe  
  26  2:33  Stargate  
  26  2:45  Nexus  
  26  2:56  Pylon  
  26  3:08  Probe  
  27  3:14  Oracle  
  27  3:20  Probe  
  27  3:37  Twilight Council  
  27  3:39  Pylon  
  28  3:41  Probe  
  28  3:51  Phoenix  
  28  3:54  Stalker  
  30  4:12  Stalker  
  18  4:24  Stalker  
Show
View Real Time Build Order
Export as new Build Order

iöi Protoss 

Build Orders: Oracle Opening, Phoenix Opening 

Get SALT Encoding   

  12  0:00  Probe  
  13  0:12  Probe  
  14  0:20  Pylon  
  14  0:25  Probe  
  15  0:38  Gateway  
  15  0:41  Probe  
  15  0:42  Assimilator  
  15  0:49  Probe  
  17  0:58  Assimilator  
  17  0:59  Probe  
  18  1:11  Probe  
  19  1:22  Pylon  
  19  1:23  Probe  
  20  1:32  Cybernetics Core  
  20  1:35  Probe  
  21  1:47  Probe  
  22  1:58  Adept  
  22  1:59  Probe  
  25  2:13  Stargate  
  25  2:20  Warp Gate  
  25  2:21  Probe  
  26  2:33  Probe  
  26  2:34  Nexus  
  27  2:44  Pylon  
  27  2:46  Oracle  
  27  2:49  Probe  
  31  3:02  Probe  
  32  3:14  Probe  
  32  3:19  Phoenix  
  32  3:26  Shield Battery  
  34  3:30  Probe  
  35  3:38  Phoenix  
  35  3:41  Pylon  
  35  3:47  Probe x2  
  39  3:59  Probe  
  40  4:04  Void Ray  
  40  4:07  Probe  
  43  4:12  Adept  
  48  4:19  Gateway  
  48  4:22  Gateway  
Show
View Real Time Build Order
Export as new Build Order

qqq Zerg - Winner!

Build Orders: Hatch First 

Get SALT Encoding   

  12  0:02  Drone  
  13  0:09  Drone  
  14  0:36  Hatchery  
  13  0:54  Spawning Pool  
  12  1:02  Overlord  
  12  1:04  Drone  
  13  1:08  Drone  
  13  1:11  Extractor  
  13  1:20  Drone  
  14  1:42  Zergling x2  
  14  1:43  Drone  
  14  1:44  Queen  
  18  1:53  Queen  
  20  1:58  Drone  
  21  2:03  Drone  
  21  2:08  Drone  
  23  2:15  Metabolic Boost  
  23  2:23  Drone  
  23  2:24  Drone  
  25  2:32  Drone  
  25  2:33  Overlord  
  26  2:40  Overlord  
  26  2:43  Zergling x2  
  27  2:46  Zergling x2  
  28  2:52  Zergling x2  
  28  2:54  Zergling x2  
  30  3:03  Zergling x6  
  30  3:04  Zergling x2  
  34  3:08  Overlord  
  34  3:10  Zergling x2  
  34  3:12  Zergling x2  
  36  3:25  Zergling x4  
  36  3:26  Zergling x4  
  36  3:35  Drone x4  
  36  3:37  Zergling x2  
  41  3:43  Zergling x2  
  41  3:44  Zergling x2  
  43  3:51  Spore Crawler  
  42  3:57  Zergling x4, Spore Crawler  
  42  4:15  Zergling x8  
  42  4:16  Zergling x6  
  48  4:33  Zergling x2  
  48  4:34  Zergling x4  
Show
View Real Time Build Order
Export as new Build Order

Massa Terran - Winner!

Build Orders:  

Get SALT Encoding   

  12  0:10  Supply Depot  
  12  0:13  SCV  
  13  0:25  SCV  
  14  0:35  Barracks  
  14  0:38  SCV  
  15  0:48  Supply Depot  
  15  0:52  SCV  
  16  1:04  SCV  
  17  1:12  Barracks  
  17  1:19  SCV  
  17  1:22  Marine  
  19  1:31  SCV  
  20  1:37  Barracks  
  20  1:39  Marine  
  21  1:54  Barracks  
  21  1:57  Marine  
  21  1:58  Marine  
  23  2:13  Orbital Command  
  23  2:15  Marine  
  23  2:19  Refinery  
  24  2:25  Supply Depot  
  24  2:26  Marine  
  25  2:31  Marine  
  26  2:39  Marine  
  26  2:44  Marine  
  26  2:48  SCV  
  28  2:54  Marine  
  28  2:55  Marine  
  28  2:57  Marine  
  31  3:02  Marine  
  32  3:10  SCV  
  32  3:12  Marine x2  
  33  3:14  Marine  
  33  3:15  Supply Depot  
  36  3:20  Marine  
  37  3:30  Marine  
  38  3:37  Marine  
  38  3:38  Marine x2  
  41  3:48  Marine, Supply Depot  
  39  3:55  Marine x2  
  38  3:56  Marine  
  38  4:15  Engineering Bay  
  38  4:24  Barracks Tech Lab  
  38  4:25  Marine x2  
  38  4:26  Marine  
Tags
 
Add a new tag
Caveats
  • Supply blocks, unpowered buildings, or Contaminate may cause inaccurate times.
  • Supply counts are checked every 10 seconds.